 Dungeon Crawl Stone Soup version 0.29-a0-613-gf2c431b9b9 (webtiles) character file.

Game seed: 16540029993331354961

12605 happo123 the Grappler (level 11, -10/124 HPs)
             Began as a Troll Transmuter on June 16, 2022.
             Was a High Priest of Okawaru.
             Shot with an arrow by a centaur warrior (18 damage)
             ... on level 11 of the Dungeon.
             The game lasted 00:59:27 (9111 turns).

happo123 the Grappler (Troll Transmuter)            Turns: 9111, Time: 00:59:27

Health: -10/124    AC:  7    Str: 26    XL:     11   Next: 64%
Magic:  16/16      EV: 11    Int: 13    God:    Okawaru [*****.]
Gold:   1499       SH:  0    Dex: 10    Spells: 11/18 levels left

rFire   x . .      SeeInvis .     - Unarmed
rCold   + + +      Faith    .   (shield currently unavailable)
rNeg    . . .      Spirit   .   (body armour currently unavailable)
rPois   +          Reflect  .   (helmet currently unavailable)
rElec   .          Harm     .   (cloak currently unavailable)
rCorr   .          Rampage  .   (gloves unavailable)
Will    .....                   (boots unavailable)
Stlth   +.........              n - amulet of magic regeneration
HPRegen 1.10/turn               t - +6 ring of strength
MPRegen 0.55/turn               (no ring)

@: ice-form, wereblooded
A: freezing attack, amphibious, boosted hp, large, unfitting armour, (claws 3),
regeneration 1, (shaggy fur 1), (tough skin 1)
a: End Transformation, Renounce Religion, Heroism, Finesse, Duel


You were on level 11 of the Dungeon.
You worshipped Okawaru.
Okawaru was extremely pleased with you.
You were a creature of crystalline ice.
You visited 2 branches of the dungeon, and saw 12 of its levels.
You also visited: Bailey.

You collected 1499 gold pieces.

Inventory:

Hand Weapons
 j - a +3 hunting sling of freezing
 w - a +1 spectral club
 y - the +3 trident of the Smoking Ancients {speed, +Blink Will+ MP-9 Str+5}
   (You found it on level 4 of the Dungeon)

   Attacks with this weapon are significantly faster.
   Str:       It affects your strength (+5).
   MP:        It affects your magic capacity (-9).
   +Blink:    It lets you blink.
   Will:      It increases your willpower.
 C - the +7 mace "Jaqidus" {vorpal, Will+}
   (You found it on level 5 of the Dungeon)

   It inflicts extra damage upon your enemies.
   Will:      It increases your willpower.
Missiles
 l - a throwing net
Armour
 a - a +0 robe
 H - a +0 robe of willpower
 K - the +2 robe of Ruus (melded) {rCorr Str+5}
   (You acquired it on level 7 of the Dungeon)

   Str:       It affects your strength (+5).
   rCorr:     It protects you from acid and corrosion.
 L - a +0 cloak (melded)
 N - a +2 kite shield
 Q - +2 swamp dragon scales
 S - a +1 hat (melded)
Jewellery
 n - an amulet of magic regeneration (around neck)
 t - a +6 ring of strength (left front paw)
 T - an amulet of guardian spirit
Wands
 v - a wand of light (7)
 B - a wand of digging (3)
 F - a wand of flame (11)
 M - a wand of iceblast (15)
 V - a wand of mindburst (7)
Scrolls
 c - a scroll of noise {unknown}
 e - 2 scrolls of acquirement
 i - 2 scrolls of amnesia {unknown}
 k - 3 scrolls of enchant weapon
 m - a scroll of blinking
 o - 2 scrolls of silence {unknown}
 q - 2 scrolls of poison
 r - 2 scrolls of enchant armour
 u - 2 scrolls of fog {unknown}
 x - 3 scrolls of teleportation
 A - 2 scrolls of torment
 D - 2 scrolls of magic mapping {unknown}
 G - a scroll of brand weapon {unknown}
 I - 2 scrolls of fear {unknown}
 O - a scroll of immolation {unknown}
 P - a scroll of summoning {unknown}
Potions
 b - 3 potions of lignification
 d - 2 potions of flight {unknown}
 f - a potion of ambrosia {unknown}
 g - 9 potions of curing {unknown}
 h - 2 potions of mutation {unknown}
 p - a potion of brilliance {unknown}
 s - a potion of berserk rage {unknown}
 z - a potion of degeneration {unknown}
 E - a potion of haste {unknown}
 J - 2 potions of heal wounds {unknown}
 R - a potion of might {unknown}
 U - a potion of resistance


   Skills:
 + Level 5.4 Fighting
 + Level 5.7 Dodging
 * Level 10.0 Unarmed Combat
 + Level 4.3 Spellcasting
 * Level 7.5 Transmutations
 + Level 4.8 Ice Magic
 + Level 1.3 Invocations


You had 11 spell levels left.
You knew the following spells:

 Your Spells              Type           Power      Damage    Failure   Level
a - Beastly Appendage     Tmut           44%        N/A       1%          1
b - Wereblood             Tmut           22%        N/A       1%          2
c - Ice Form              Ice/Tmut       18%        N/A       16%         4

Your spell library contained the following spells:

 Spells                   Type           Power      Damage    Failure   Level
 Passwall                 Tmut/Erth      10%        N/A       7%          2
 Ensorcelled Hibernation  Hex/Ice        18%        N/A       12%         2
 Spider Form              Tmut/Pois      12%        N/A       13%         3
 Apportation              Tloc           4%         N/A       21%         1
 Necrotize                Necr           8%         1d4       21%         1
 Sandblast                Erth           4%         2d4       21%         1
 Blade Hands              Tmut           11%        N/A       26%         5
 Gell's Gravitas          Tloc           2%         N/A       52%         3
 Lesser Beckoning         Tloc           2%         N/A       52%         3
 Portal Projectile        Hex/Tloc       4%         N/A       52%         3
 Stone Arrow              Conj/Erth      4%         3d7       52%         3
 Teleport Other           Tloc           2%         N/A       52%         3
 Vampiric Draining        Necr           2%         2d6       52%         3
 Airstrike                Air            1%         N/A       90%         4
 Anguish                  Hex/Necr       1%         N/A       90%         4
 Corpse Rot               Necr/Pois/Air  2%         N/A       90%         4
 Dispel Undead            Necr           2%         3d7       90%         4
 Leda's Liquefaction      Hex/Erth       1%         N/A       90%         4
 Agony                    Necr           2%         N/A       99%         5
 Lightning Bolt           Conj/Air       1%         1d12      99%         5
 Dragon Form              Tmut           11%        N/A       100%        7
 Enfeeble                 Hex            1%         N/A       100%        7
 Necromutation            Tmut/Necr      6%         N/A       100%        8
 Call Canine Familiar     Summ           Unusable   N/A       N/A         3
 Summon Lightning Spire   Summ/Air       Unusable   N/A       N/A         4
 Death Channel            Necr           Unusable   N/A       N/A         6

Dungeon Overview and Level Annotations

Branches:
Dungeon (11/15)            Temple (1/1) D:7            Lair (0/6) D:10
 Bailey (visited)
    Orc: D:9-12

Altars:
Ashenzari
Cheibriados
Dithmenos
Elyvilon
Fedhas
Gozag
Hepliaklqana
Kikubaaqudgha
Makhleb
Nemelex Xobeh
Okawaru
Qazlal
Ru
Sif Muna
Trog
Uskayaw
Vehumet
Wu Jian
Xom
Yredelemnul
Zin
The Shining One

Shops:
D:9 =


Innate Abilities, Weirdness & Mutations

You are a creature of crystalline ice.
You have a powerful freezing melee attack.
You are amphibious.
Your maximum health is increased.
Your armour is entirely melded.
You are incapable of wielding weapons or throwing items.
You are too large for most types of armour.
((You have claws for hands.))
Your natural rate of healing is unusually fast.
((You are covered in fur. (AC +1)))
((You have tough skin. (AC +1)))


Message History

The centaur warrior is severely wounded.
The centaur warrior hits you.
* * * LOW HITPOINT WARNING * * *
The centaur warrior kicks you but does no damage.
The centaur closely misses you.
The centaur kicks you but does no damage.
You barely miss the centaur warrior.
The centaur warrior is severely wounded.
A centaur comes into view.
The centaur hits you.
* * * LOW HITPOINT WARNING * * *
The centaur closely misses you. x2; The centaur kicks you.
* * * LOW HITPOINT WARNING * * *
The centaur warrior hits you.
* * * LOW HITPOINT WARNING * * *
The centaur warrior barely misses you.
Okay, then.
The centaur shouts!
The centaur wields a +0 shortbow.
The centaur shoots an arrow.
The arrow hits you but does no damage.
The centaur hits you but does no damage.
The centaur kicks you.
* * * LOW HITPOINT WARNING * * *
The centaur warrior wields a +0 longbow.
The centaur warrior shoots an arrow.
The arrow completely misses you. The centaur barely misses you.
The centaur kicks you but does no damage.
The centaur attacks as you move away!
The centaur hits you but does no damage.
The centaur closely misses you.
The centaur shoots an arrow.
The arrow barely misses you.
The centaur shoots an arrow.
The arrow hits you!
* * * LOW HITPOINT WARNING * * *
The centaur warrior shoots an arrow.
The arrow hits you!!
* * * LOW HITPOINT WARNING * * *
Blink to where?
Press: ? - help, Dir - move target
As you read the scroll of blinking, it crumbles to dust.
The centaur warrior shoots an arrow.
The arrow hits you!!
You die...

#..............#.#
#..............+..
#..............# .
#..............#
#..........#####
#######'#### #.#
### #.# ###.. #Y#
...# #.# #c.####
#.# #c$..?#
#.#####.###.#
#.c...#..c#
#####ยง##.##
#....c.# ########


You could see a centaur warrior.

Vanquished Creatures
  2 two-headed ogres (D:10)
  A deep elf pyromancer (D:9)
  An orc sorcerer (Bailey)
  A kobold demonologist (Bailey)
  A troll (D:10)
  The ghost of dualclasshuman the Covered, an amateur MeFi of Ashenzari (D:4)
  Grinder (D:4)
  Prince Ribbit (D:5)
  Sigmund (D:2)
  16 yaks
  A shadow (D:9)
  A steam dragon (D:7)
  Duvessa (D:7)
  3 acid dragons
  3 water moccasins
  2 sky beasts
  20 orc warriors
  4 black bears
  An ice beast (D:6)
  2 centaurs
  A phantom (D:5)
  3 kobold brigands
  4 bullfrogs
  2 gnoll sergeants
  4 scorpions
  A necrophage (D:5)
  13 wights
  Dowan (D:7)
  14 electric eels
  4 howler monkeys
  A hound (D:6)
  2 jellies (D:5)
  5 orc priests
  A gnoll shaman (D:9)
  6 iguanas
  Ijyb (D:3)
  Natasha (thrice) (D:2)
  9 orc wizards
  21 gnolls
  8 adders
  A shadow imp (D:5)
  3 white imps
  2 ufetubi
  2 worms
  7 dart slugs
  37 orcs
  3 ball pythons
  4 bats
  8 endoplasms
  20 goblins
  12 hobgoblins
  10 jackals
  5 quokkas
  2 frilled lizards (D:2)
  17 kobolds
  2 rats
303 creatures vanquished.

Vanquished Creatures (others)
  5 fungi (D:10)
  35 plants
40 creatures vanquished.

Grand Total: 343 creatures vanquished

Notes
Turn   | Place    | Note
-------+----------+-------------------------------------------
     0 | D:1      | happo123 the Troll Transmuter began the quest for the Orb.
     0 | D:1      | Reached XP level 1. HP: 18/18 MP: 1/1
   156 | D:1      | Reached XP level 2. HP: 26/26 MP: 2/2
   256 | D:1      | Reached skill level 1 in Fighting
   359 | D:1      | Found a faded altar of an unknown god.
   463 | D:1      | Reached XP level 3. HP: 33/33 MP: 4/4
   466 | D:1      | Learned a level 2 spell: Wereblood
   649 | D:2      | Noticed Natasha
   659 | D:2      | Killed Natasha
   660 | D:2      | Reached XP level 4. HP: 37/41 MP: 5/5
   681 | D:2      | Noticed Natasha
   691 | D:2      | Killed Natasha
   703 | D:2      | Noticed Sigmund
   718 | D:2      | Killed Sigmund
   719 | D:2      | Reached skill level 4 in Unarmed Combat
   719 | D:2      | Reached skill level 1 in Ice Magic
   719 | D:2      | Reached XP level 5. HP: 42/48 MP: 6/6
   751 | D:2      | Reached XP level 6. HP: 57/57 MP: 7/7
   762 | D:2      | Noticed Natasha
   773 | D:2      | Killed Natasha
  1152 | D:3      | Found a hide-covered altar of Uskayaw.
  1156 | D:3      | Noticed Ijyb
  1167 | D:3      | Killed Ijyb
  1196 | D:3      | Found an iron altar of Okawaru.
  1365 | D:3      | Found a white marble altar of Elyvilon.
  1561 | D:4      | Reached XP level 7. HP: 31/65 MP: 9/9
  1689 | D:4      | Noticed Grinder
  1697 | D:4      | Killed Grinder
  1698 | D:4      | Reached skill level 5 in Unarmed Combat
  1728 | D:4      | Identified the +3 trident of the Smoking Ancients {speed,
                  | +Blink Will+ MP-9 Str+5}
  1789 | D:4      | Found a burning altar of Makhleb.
  1896 | D:4      | Found a runed translucent door.
  1896 | D:4      | Noticed dualclasshuman's ghost (amateur MeFi)
  1909 | D:4      | Killed dualclasshuman's ghost
  1910 | D:4      | Reached XP level 8. HP: 39/74 MP: 10/10
  2001 | D:5      | Entered Level 5 of the Dungeon
  2055 | D:5      | Reached skill level 6 in Unarmed Combat
  2106 | D:5      | Found a large runed translucent door.
  2107 | D:5      | Found a large runed translucent door.
  2124 | D:5      | Found a radiant altar of Vehumet.
  2140 | D:5      | Found an opulent altar of Gozag.
  2182 | D:5      | Found a glowing silver altar of Zin.
  2323 | D:5      | Identified the +7 mace "Jaqidus" {vorpal, Will+}
  2350 | D:5      | Noticed Prince Ribbit
  2359 | D:5      | Killed Prince Ribbit
  2636 | D:5      | Reached XP level 9. HP: 83/83 MP: 12/12
  2778 | D:6      | Found a stormy altar of Qazlal.
  2778 | D:6      | Found an ancient bone altar of Kikubaaqudgha.
  2850 | D:6      | Reached skill level 5 in Transmutations
  2883 | D:6      | Reached skill level 7 in Unarmed Combat
  3589 | D:7      | Found a broken altar of Ashenzari.
  3713 | D:7      | Noticed Duvessa
  3713 | D:7      | Noticed Dowan
  3730 | D:7      | Killed Duvessa
  3740 | D:7      | Killed Dowan
  3952 | D:7      | Found a staircase to the Ecumenical Temple.
  3962 | Temple   | Entered the Ecumenical Temple
  4275 | D:3      | Became a worshipper of Warmaster Okawaru
  4693 | D:7      | Identified 2 scrolls of acquirement
  4694 | D:7      | Acquired the +2 robe of Ruus {rCorr Str+5}
  4705 | D:7      | Acquired Sif Muna's Tome of Shape Shifting and the Compass
  4789 | D:8      | Reached * piety under Okawaru
  4794 | D:8      | Reached skill level 8 in Unarmed Combat
  4794 | D:8      | Reached XP level 10. HP: 26/92 MP: 14/14
  5242 | D:8      | Reached ** piety under Okawaru
  5767 | D:9      | Found Don Pic's Jewellery Shoppe.
  5853 | D:9      | Found a shadowy altar of Dithmenos.
  6155 | D:9      | Found a snail-covered altar of Cheibriados.
  6337 | D:9      | Noticed a deep elf pyromancer
  6362 | D:9      | Killed a deep elf pyromancer
  6362 | D:9      | Reached *** piety under Okawaru
  6623 | D:9      | Learned a level 4 spell: Ice Form
  6683 | D:9      | Reached skill level 5 in Dodging
  6877 | D:10     | Entered Level 10 of the Dungeon
  6877 | D:10     | Noticed a two-headed ogre
  6880 | D:10     | Killed a two-headed ogre
  6881 | D:10     | Reached skill level 9 in Unarmed Combat
  6951 | D:10     | Reached XP level 11. HP: 101/101 MP: 15/15
  6986 | D:10     | Found a staircase to the Lair.
  6988 | D:10     | Identified the +1 leather armour of Vev Veyrph {rF- rC++}
  6996 | D:10     | Found a flagged portal.
  7014 | Bailey   | Entered a bailey
  7154 | Bailey   | Reached **** piety under Okawaru
  7155 | Bailey   | Reached skill level 5 in Fighting
  7557 | Bailey   | Found an iron altar of Okawaru.
  7559 | Bailey   | Noticed an orc sorcerer
  7579 | Bailey   | Killed an orc sorcerer
  7582 | Bailey   | HP: 4/121 [something (13)]
  8169 | D:10     | Found a sacrificial altar of Ru.
  8562 | D:10     | Noticed a two-headed ogre
  8568 | D:10     | Killed a two-headed ogre
  8568 | D:10     | Reached ***** piety under Okawaru
  8569 | D:10     | Reached skill level 1 in Invocations
  8585 | D:10     | Reached skill level 10 in Unarmed Combat
  8971 | D:10     | Acquired 642 gold pieces
  9088 | D:11     | Noticed a centaur warrior
  9105 | D:11     | HP: 1/124 [centaur warrior/arrow (26)]
  9111 | D:11     | Shot with an arrow by a centaur warrior

Illustrated notes

Levels and vault maps discovered:
D:1:      dpeg_arrival_arbitrary_a, layout_rooms,
          ebering_ecumenical_altar_abandoned
D:2:      layout_rooms, uniq_natasha, uniq_sigmund
D:3:      layout_rooms, nicolae_elyvilon_peaceful_grove, amcnicky_altar_gilded,
          okawaru_metal_pillars_1_2, serial_rivers,
          chequers_serial_rivers_micro_b, chequers_serial_rivers_room_b,
          chequers_serial_rivers_micro_c, chequers_serial_rivers_small_a,
          chequers_serial_rivers_room_b, chequers_serial_rivers_small_b,
          minmay_circle_x, uniq_ijyb
D:4:      layout_rooms, bloody_makhleb, gammafunk_ghost_grave, kennysheep_nub,
          uniq_grinder
D:5:      layout_basic, jmf_multi_god_temple2, zin_treasury, uniq_prince_ribbit1
D:6:      layout_basic, gammafunk_temple_overflow_elements
D:7:      layout_loops_ring, mainiacjoe_overflow_cross_hatched,
          minmay_temple_entry_glass, uniq_duvessa
D:8:      layout_loops_corners, serial_bayou_pond_c
D:9:      cheibrodos_two_vegetables, layout_basic, marbit_many_paths,
          general_overflow_altar, serial_shops, shop, minmay_misc_feat_cross
D:10:     layout_basic, kennysheep_mini, grunt_lair_entry_orc_guard_hut,
          enter_bailey_5
D:11:     layout_basic
Temple:   nicolae_temple_figure_zero

Skill      XL: |  1  2  3  4  5  6  7  8  9 10 11 |
---------------+----------------------------------+-----
Fighting       | 1 2 3 4 5 |  5.4
Transmutations | 2 3 4 5 6 7 |  7.5
Dodging        | 2 3 4 5 |  5.7
Unarmed Combat | 4 5 6 8 9 10 | 10.0
Ice Magic      | 1 2 3 4 |  4.8
Spellcasting   | 2 3 4 |  4.3
Invocations    | 1 |  1.3

Action                   |  1- 3 |  4- 6 |  7- 9 | 10-12 || total
-------------------------+-------+-------+-------+-------++-------
Melee: Unarmed           |    54 |    92 |   239 |   317 ||   702
       Kick              |     5 |    13 |    51 |    20 ||    89
       Headbutt          |     2 |     4 |    36 |    18 ||    60
       Punch             |     1 |     2 |     6 |     6 ||    15
 Fire: Hunting sling     |       |       |       |    11 ||    11
 Cast: Beastly Appendage |     7 |    12 |    32 |    24 ||    75
       Wereblood         |       |     2 |    11 |    18 ||    31
       Ice Form          |       |       |       |    18 ||    18
Invok: Heroism           |       |       |       |     1 ||     1
Evoke: Wand              |       |       |     1 |       ||     1
  Use: Scroll            |       |       |     7 |     5 ||    12
 Stab: Sleeping          |       |     1 |     1 |       ||     2
Armor: Robe              |    16 |    28 |    78 |    32 ||   154
       Skin              |       |       |       |    49 ||    49
Dodge: Dodged            |    25 |    50 |   137 |   143 ||   355

Table legend: (Time is in decaauts)
 A = Elapsed time spent in this place.
 B = Non-inter-level travel time spent in this place.
 C = Inter-level travel time spent in this place.
 D = Time resting spent in this place.
 E = Time spent auto-exploring this place.
 F = Levels seen in this place.
 G = Mean time per level.
                   A        B        C        D        E       F      G
               +--------+--------+--------+--------+--------+-----+--------+
         Total |   9083 |   7353 |   1730 |    705 |   3970 |  13 |  698.7 |
       Dungeon |   7981 |   6262 |   1719 |    476 |   3691 |  11 |  725.5 |
        Temple |    127 |    117 |     10 |      0 |    111 |   1 |  127.0 |
        Bailey |    974 |    974 |      0 |    229 |    167 |   1 |  974.0 |
               +--------+--------+--------+--------+--------+-----+--------+

Top non-repeatable levels by time:
     D:9: 1219 daAuts
    D:10: 1105 daAuts
  Bailey: 974 daAuts
     D:8: 955 daAuts
     D:7: 908 daAuts
     D:6: 905 daAuts
     D:5: 701 daAuts
     D:3: 607 daAuts
     D:1: 523 daAuts
     D:4: 464 daAuts
     D:2: 457 daAuts
    D:11: 133 daAuts
  Temple: 127 daAuts
